 Dungeon Crawl Stone Soup version 0.29.1-1-gd02db6906a (webtiles) character file.

Game seed: 3481905726313386349

413 fireball365 the Chopper (level 6, -3/56 HPs)
             Began as a Minotaur Fighter on Oct 20, 2022.
             Was an Initiate of Yredelemnul.
             Slain by a red devil
             ... wielding a +0 trident
             ... summoned by Xom
              (7 damage)
             ... on level 5 of the Dungeon.
             The game lasted 00:22:29 (3817 turns).

fireball365 the Chopper (Minotaur Fighter)          Turns: 3817, Time: 00:22:30

Health: -3/56      AC:  7    Str: 21    XL:     6   Next: 59%
Magic:  0/5        EV: 10    Int:  5    God:    Yredelemnul [......]
Gold:   247        SH:  5    Dex: 15    Spells: 5/5 levels left

rFire   . . .      SeeInvis .   a - +0 war axe
rCold   x . .      Faith    .   c - +0 buckler
rNeg    . . .      Spirit   +   b - +0 scale mail
rPois   +          Reflect  .   (helmet restricted)
rElec   +          Harm     .   (no cloak)
rCorr   .          Rampage  .   (no gloves)
Will    .....                   (no boots)
Stlth   ..........              m - amulet of Bihoceu {Spirit rElec rPois rC- Dex+4}
HPRegen 0.18/turn               (no ring)
MPRegen 0.09/turn               (no ring)

@: spiked
A: horns 2, retaliatory headbutt
a: Renounce Religion, Recall Undead Harvest


You were on level 5 of the Dungeon.
You worshipped Yredelemnul.
Yredelemnul was noncommittal.
You visited 1 branch of the dungeon, and saw 5 of its levels.
You also visited: Sewer.

You collected 247 gold pieces.

Inventory:

Hand Weapons
 a - a +0 war axe (weapon)
 t - the +5 trident "Ahafrumy" {drain, rPois}
   (You found it on level 4 of the Dungeon)

   A truly terrible weapon, it drains the life of any living foe it strikes.
   rPois:     It protects you from poison.
Missiles
 g - 6 poisoned darts (quivered)
 h - 34 stones
 x - a boomerang
Armour
 b - a +0 scale mail (worn)
 c - a +0 buckler (worn)
 k - a +0 scale mail
Jewellery
 m - the amulet of Bihoceu (around neck) {Spirit rElec rPois rC- Dex+4}
   (You found it on level 3 of the Dungeon)

   [amulet of guardian spirit]

   It causes incoming damage to be divided between your reserves of health and
   magic.
   Dex:       It affects your dexterity (+4).
   rC:        It makes you vulnerable to cold.
   rElec:     It insulates you from electricity.
   rPois:     It protects you from poison.
 p - a ring of fire
 q - an amulet of guardian spirit
 u - a ring of ice
Wands
 j - a wand of paralysis (3)
 r - a wand of flame (5)
 w - a wand of roots (8)
Scrolls
 i - a scroll of vulnerability {unknown}
 l - a scroll of poison {unknown}
 o - 3 scrolls of teleportation {unknown}
 s - a scroll of enchant armour {unknown}
Potions
 d - a potion of might
 e - 3 potions of curing {unknown}
 f - a potion of degeneration {unknown}
 n - a potion of heal wounds {unknown}
 v - a potion of mutation {unknown}


   Skills:
 + Level 5.0 Fighting
 + Level 5.5 Axes
 + Level 5.4 Armour
 + Level 1.2 Dodging
 + Level 0.8 Stealth
 + Level 4.6 Shields


You had 5 spell levels left.
You didn't know any spells.
Your spell library contained the following spells:

 Spells                   Type           Power      Damage    Failure   Level
 Blink                    Tloc           0%         N/A       95%         2
 Poisonous Vapours        Pois/Air       0%         N/A       95%         2
 Sublimation of Blood     Necr           0%         N/A       95%         2
 Wereblood                Tmut           0%         N/A       95%         2
 Lesser Beckoning         Tloc           0%         N/A       99%         3
 Corpse Rot               Necr/Pois/Air  0%         N/A       100%        4
 Manifold Assault         Tloc           0%         N/A       100%        5
 Summon Hydra             Summ           0%         N/A       100%        7


Dungeon Overview and Level Annotations

Branches:
Dungeon (5/15)              Sewer (visited)
 Temple: D:4-7

Altars:
Okawaru
Xom
Yredelemnul

Shops:
D:1 !   D:3 =


Innate Abilities, Weirdness & Mutations

You have a pair of horns on your head.
You reflexively headbutt those who attack you in melee.


Message History

The quasit closely misses you.
The quasit claws you but does no damage.
The white imp shouts, "Scamper away, thou lumpish knotty-pated minnow reeky!"
You hit the red devil but do no damage. Your headbutt misses the red devil.
The red devil is lightly wounded.
You miss the quasit.
The quasit bites you but does no damage.
You block the quasit's attack.
The quasit claws you but does no damage.
The red devil hits you with a +0 trident!!
* * * LOW HITPOINT WARNING * * *
Barbed spikes become lodged in your body.
The quasit bites you but does no damage.
The quasit closely misses you. You block the quasit's attack.
The red devil hits you with a +0 trident!
* * * LOW HITPOINT WARNING * * *
Barbed spikes become lodged in your body.
Your black bear zombie completely misses the quasit.
Your black bear zombie claws the quasit but does no damage.
Your black bear zombie completely misses the quasit.
You slash the red devil!
The red devil is heavily wounded.
You miss the quasit. You block the quasit's attack. x2
The quasit closely misses you.
The red devil hits you but does no damage.
The quasit bites you but does no damage.
The quasit claws you but does no damage. x2
Your black bear zombie bites the quasit.
Your black bear zombie barely misses the quasit.
Your black bear zombie claws the quasit but does no damage.
Aiming: Throw Flame
Press: ? - help, Q - select action, (/) - cycle Shift-Dir - straight line, f - red devil
Aim: a red devil, wielding a +0 trident (heavily wounded, summoned, ally target, 56% to hit)
The puff of flame hits the red devil.
The red devil completely resists.
The red devil is heavily wounded.
The quasit bites you but does no damage.
The quasit claws you but does no damage. x2
The red devil hits you with a +0 trident!
You die...
Your body rises from the dead as a mindless zombie.

... .. #. ### #
##.# ... . ...
#.# #. #.# #5#
#.##.# ###4#
.##..... #55@#
........ ##Z###
.#####.. #..#
#.. ..####..#
.#####..
........#
........
#######.#
.######. >. #Z#
#.
##.####.#######
#.
......#........
##.


You could see a red devil (summoned, ally target), a quasit (summoned), 2 white
imps and a friendly black bear zombie.

Vanquished Creatures
  A black bear (D:5)
  A jelly (D:5)
  2 orc priests
  An orc wizard (D:4)
  2 adders
  2 worms (D:2)
  A dart slug (D:1)
  4 orcs
  3 endoplasms
  4 giant cockroaches
  6 goblins
  7 hobgoblins
  2 jackals (Sewer)
  3 quokkas
  8 ball pythons
  3 bats
  2 frilled lizards (D:1)
  5 kobolds
  6 rats
63 creatures vanquished.

Vanquished Creatures (collateral kills)
  A water moccasin (Sewer)
  A quokka (D:4)
  A kobold (D:4)
3 creatures vanquished.

Vanquished Creatures (others)
  3 orc zombies
  34 plants (D:4)
37 creatures vanquished.

Grand Total: 103 creatures vanquished

Notes
Turn   | Place    | Note
-------+----------+-------------------------------------------
     0 | D:1      | fireball365 the Minotaur Fighter began the quest for the
                  | Orb.
     0 | D:1      | Reached XP level 1. HP: 19/19 MP: 0/0
     6 | D:1      | Noticed a wyvern
     6 | D:1      | Noticed a salamander
     6 | D:1      | Noticed a black bear
     7 | D:1      | Noticed a lindwurm
     7 | D:1      | Noticed an iguana
    34 | D:1      | Found Nagayr's Distillery.
   372 | D:3      | Reached XP level 2. HP: 27/27 MP: 1/1
   752 | D:1      | Found a faded altar of an unknown god.
   759 | D:1      | Prayed at the altar of an unknown god.
   759 | D:1      | Became a worshipper of Xom of Chaos
   890 | D:1      | XOM: divination: detect items
   970 | D:1      | Reached XP level 3. HP: 33/33 MP: 2/2
  1329 | D:2      | XOM: silly message
  1787 | D:2      | XOM: divination: magic mapping
  1808 | D:3      | Found Reachir's Jewellery Shoppe.
  2024 | D:3      | Identified the amulet of Bihoceu {Spirit rElec rPois rC-
                  | Dex+4}
  2164 | D:3      | Found a basalt altar of Yredelemnul.
  2171 | D:3      | Found an iron altar of Okawaru.
  2178 | D:3      | Found a shimmering altar of Xom.
  2208 | D:3      | Fell from the grace of Xom
  2208 | D:3      | Became a worshipper of Yredelemnul the Dark
  2518 | D:4      | Reached XP level 4. HP: 38/40 MP: 3/3
  2526 | D:4      | Found a glowing drain.
  2535 | Sewer    | Entered a sewer
  2592 | Sewer    | Noticed a water moccasin
  2601 | Sewer    | Killed a water moccasin
  2602 | Sewer    | Reached * piety under Yredelemnul
  2602 | Sewer    | Reached skill level 1 in Dodging
  2602 | Sewer    | Reached XP level 5. HP: 27/47 MP: 1/4
  2645 | Sewer    | XOM: torment (20/47 hp)
  2872 | D:4      | Reached skill level 5 in Armour
  2904 | D:4      | Identified the +5 trident "Ahafrumy" {drain, rPois}
  3734 | D:5      | Entered Level 5 of the Dungeon
  3742 | D:5      | Reached skill level 5 in Axes
  3742 | D:5      | Reached XP level 6. HP: 54/55 MP: 5/5
  3751 | D:5      | Reached skill level 5 in Fighting
  3810 | D:5      | XOM: summons 5 hostile demons
  3811 | D:5      | Noticed a red devil
  3817 | D:5      | Slain by a red devil

Illustrated notes

Levels and vault maps discovered:
D:1:      onia_arrival_zoo_common, layout_rooms, serial_shops,
          nicolae_shop_advertising_works [nicolae_subvault_shop_adworks],
          ebering_ecumenical_altar_hall, st_stairs_4, minmay_misc_feat_alley
D:2:      layout_basic, minmay_misc_feat_hallway
D:3:      layout_rooms, grunt_temple_overflow_diamond, serial_shops,
          nicolae_shop_crystal
D:4:      layout_basic, gup_sewer_entry_pipe, serial_bayou,
          serial_bayou_shore_a, serial_bayou_pond_d, serial_bayou_shore_b,
          serial_bayou_lagoon_b
D:5:      layout_loops_ring, minitemple, uniq_ijyb

Skill      XL: |  1  2  3  4  5  6 |
---------------+-------------------+-----
Fighting       | 4 5 |  5.0
Shields        | 4 |  4.6
Armour         | 4 5 |  5.4
Axes           | 3 4 5 |  5.5
Dodging        | 1 |  1.2
Stealth        | |  0.8

Action                   |  1- 3 |  4- 6 || total
-------------------------+-------+-------++-------
Melee: War axe           |    87 |   116 ||   203
       Headbutt          |    10 |    20 ||    30
Evoke: Wand              |       |     1 ||     1
  Use: Potion            |       |     1 ||     1
Armor: Scale mail        |    60 |    50 ||   110
Dodge: Dodged            |    69 |    29 ||    98
Block: Buckler           |    39 |    14 ||    53
